 Dungeon Crawl Stone Soup version 0.22-a0-558-gc2241811a9 (webtiles) character file.

236 Kholdaimon the Shield-Bearer (level 5, -6/47 HPs)
             Began as a Minotaur Fighter on June 27, 2018.
             Mangled by a gnoll
             ... wielding a +0 halberd
              (10 damage)
             ... on level 3 of the Dungeon.
             The game lasted 00:10:05 (2043 turns).

Kholdaimon the Shield-Bearer (Minotaur Fighter)     Turns: 2043, Time: 00:10:06

Health: -6/47      AC:  8    Str: 25    XL:     5   Next: 77%
Magic:  4/4        EV:  8    Int:  6    God:
Gold:   95         SH: 10    Dex: 10    Spells: 4/4 levels left

rFire    . . .     SeeInvis .   a - +0 war axe
rCold    . . .     Gourm    .   c - +0 shield
rNeg     . . .     Faith    .   b - +0 scale mail
rPois    .         Spirit   .   (helmet restricted)
rElec    .         Reflect  .   s - +0 cloak
rCorr    .         Harm     .   (no gloves)
MR       .....                  (no boots)
Stlth    ..........             (no amulet)
HPRegen  0.15/turn              (no ring)
MPRegen  0.09/turn              (no ring)

@: mighty
A: retaliatory headbutt, horns 2
a: no special abilities


You were on level 3 of the Dungeon.
You were not hungry.

You visited 1 branch of the dungeon, and saw 3 of its levels.

You collected 95 gold pieces.

Inventory:

Hand Weapons
 a - a +0 war axe (weapon)
 j - a +1 whip of electrocution
 u - a +0 falchion of electrocution
Missiles
 e - 81 stones (quivered)
 n - 5 tomahawks
 x - 3 needles of sleeping
Armour
 b - a +0 scale mail (worn)
 c - a +0 shield (worn)
 s - a +0 cloak (worn)
Wands
 w - a wand of enslavement (15)
Scrolls
 h - 4 scrolls of identify {unknown}
 i - a scroll of fear {unknown}
 k - 2 scrolls of enchant weapon {unknown}
 m - 6 scrolls of remove curse {unknown}
 q - 3 scrolls of amnesia {unknown}
 t - a scroll of blinking {unknown}
Potions
 l - a potion of curing {unknown}
 o - a potion of flight {unknown}
 p - a potion of agility {unknown}
 r - 2 potions of haste {unknown}
 v - a potion of resistance
Comestibles
 f - 4 rations
 g - 6 chunks of flesh


   Skills:
 + Level 4.9 Fighting
 * Level 4.3 Axes
 + Level 4.9 Armour
 * Level 5.1 Shields


You had 4 spell levels left.
You didn't know any spells.
Your spell library was empty.

Dungeon Overview and Level Annotations

Branches:
Dungeon (3/15)

Altars:
Nemelex Xobeh
Zin


Innate Abilities, Weirdness & Mutations

You reflexively headbutt those who attack you in melee.
You have a pair of horns on your head.


Message History

The gnoll hits you from afar with a halberd!
The gnoll hits you with a flail! Jessica hits you but does no damage.
The gnoll barely misses you. You furiously retaliate!
You headbutt the gnoll.
You kill the gnoll!
Your Shields skill increases to level 5!
The gnoll hits you from afar with a halberd.
* * * LOW HITPOINT WARNING * * *
You are too injured to fight recklessly!
You feel very mighty all of a sudden. Jessica closely misses you.
The gnoll closely misses you. You furiously retaliate!
You headbutt the gnoll.
You kill the gnoll!
You slash Jessica!
You kill Jessica!
You closely miss the hobgoblin.
The gnoll hits you from afar with a halberd.
* * * LOW HITPOINT WARNING * * *
You block the hobgoblin's attack. The gnoll hits you with a halberd!
You die...

.. .... ... .... #.#
..... #.# ..... #.#
......
######.#####.....%
.........)g....... ..#
#....(@g......
..#########..#####....##
..#......##..# ...#
#.#......##..##### ..#
#.#................ .#
#.#......##........ #
#.######.##...#####
#.######.##...#
................


You could see a gnoll and a hobgoblin.

Vanquished Creatures
  Jessica (D:3)
  5 adders
  6 gnolls (D:3)
  An ooze (D:2)
  2 worms
  3 dart slugs
  4 leopard geckos
  An orc (D:3)
  7 bats
  2 giant cockroaches (D:2)
  8 goblins
  9 hobgoblins
  11 jackals
  14 kobolds
  2 quokkas
  A ball python (D:1)
  5 frilled lizards
  3 rats
85 creatures vanquished.

Notes
Turn   | Place    | Note
-------+----------+-------------------------------------------
     0 | D:1      | Kholdaimon the Minotaur Fighter began the quest for the Orb.
     0 | D:1      | Reached XP level 1. HP: 19/19 MP: 0/0
   143 | D:1      | Reached XP level 2. HP: 25/27 MP: 1/1
   255 | D:1      | Found a sparkling altar of Nemelex Xobeh.
   261 | D:1      | Reached skill level 4 in Shields
   495 | D:1      | Reached XP level 3. HP: 33/33 MP: 2/2
   892 | D:2      | Reached XP level 4. HP: 40/40 MP: 3/3
  1554 | D:3      | Reached XP level 5. HP: 30/47 MP: 4/4
  1897 | D:3      | Found a glowing silver altar of Zin.
  2034 | D:3      | Noticed Jessica
  2040 | D:3      | Reached skill level 5 in Shields
  2042 | D:3      | Killed Jessica
  2043 | D:3      | Mangled by a gnoll

Vault maps used:
D:1:      saegor_arrival_simple_a, nemelex_xobeh_ov_fountains_minmay
D:2:      grunt_ministairs_2
D:3:      cheibrodos_old_hovel, marbit_many_paths, uniq_jessica

Skill      XL: |  1  2  3  4  5 |
---------------+----------------+-----
Shields        | 4 5 |  5.1
Armour         | 4 |  4.9
Fighting       | 4 |  4.9
Axes           | 3 4 |  4.3

Action                   |  1- 3 |  4- 6 || total
-------------------------+-------+-------++-------
Melee: War axe           |   103 |    94 ||   197
       Headbutt          |    15 |    13 ||    28
  Use: Potion            |       |     1 ||     1
  Eat: Chunk             |       |     4 ||     4
Armor: Scale mail        |    52 |    45 ||    97
Dodge: Dodged            |    38 |    32 ||    70
Block: Shield            |    55 |    61 ||   116

Table legend:
 A = Spawn XP
 B = Non-spawn XP
 C = Spawn XP percentage of total XP
 D = Spawn monster count
 E = Non-spawn monster count
 F = Spawn count percentage of total count
 G = Total turns spent on level
                    A         B        C        D         E        F      G
               +---------+---------+-------+---------+---------+-------+---------
         Total |       0 |     338 |   0.0 |       0 |      85 |   0.0 |  2043
               +---------+---------+-------+---------+---------+-------+---------
           D:1 |       0 |      48 |   0.0 |       0 |      26 |   0.0 |   718
           D:2 |       0 |     113 |   0.0 |       0 |      31 |   0.0 |   796
           D:3 |       0 |     177 |   0.0 |       0 |      28 |   0.0 |   529
               +---------+---------+-------+---------+---------+-------+---------
